[Event "Chessity Nationale Pupillendag 2019 - Groep G"]
[Site "Meppel, Netherlands"]
[Date "2019.06.29"]
[Round "1.1"]
[White "Huang, Luna"]
[Black "Parson, Romin"]
[Result "1-0"]
[TimeControl "15 min + 10 sec"]
[WhiteElo "955"]
[BlackElo "388"]

1. e4 e5 2. Nf3 Bb4 3. a3 Bc5 4. Nxe5 Bd6 5. Nf3 Bc5 6. d4 Bb6 7. Nc3 Ba5 8. b4 Bb6 9. Bc4 d5 10. Nxd5 Bg4 11. Nxb6 cxb6 12.
Be3 Nf6 13. e5 Ne4 14. h3 Bxf3 15.
Qxf3 b5 16. Qxf7# 1-0

[Event "Chessity Nationale Pupillendag 2019 - Groep G"]
[Site "Meppel, Netherlands"]
[Date "2019.06.29"]
[Round "1.2"]
[White "Meskers, Babet"]
[Black "Terlouw, Wouter"]
[Result "0-1"]
[TimeControl "15 min + 10 sec"]
[WhiteElo "341"]
[BlackElo "898"]

1. e4 c5 2. Qh5 e6 3. Bc4 Nc6 4.
f4 Nf6 5. Qf3 Nd4 6. Qe3 Nxc2+ 7. Ke2 Nxe3 8. dxe3 Nxe4 9.
f5 exf5 10. Nf3 d5 11. Bb5+ Bd7 12. Bd3 c4 13. Bxe4 fxe4 14.
Ne5 Bg4+ 15. Kd2 Qg5 16. h3 Qxe5 17. hxg4 Bb4+ 18. Kc2 d4 19. exd4 Qxd4 20. Rd1 Qf2+ 21. Bd2 e3 22. Kc1 exd2+ 23. Rxd2 Bxd2+ 24. Nxd2 Qe1+ 25. Kc2 Qxa1 26. Nxc4 Rc8 27.
b3 b5 28. Kd3 bxc4+ 29. bxc4 Qxa2 30. Kd4 Rd8+ 31. Kc3 Qd2+ 32. Kb3 Rb8+ 33. Ka4 Qa2# 0-1

[Event "Chessity Nationale Pupillendag 2019 - Groep G"]
[Site "Meppel, Netherlands"]
[Date "2019.06.29"]
[Round "1.3"]
[White "Zecha, Oscar"]
[Black "Van Haastert, Benjamin"]
[Result "1-0"]
[TimeControl "15 min + 10 sec"]
[WhiteElo "802"]
[BlackElo "319"]

1. d4 d5 2. c4 dxc4 3. e3 Nf6 4. Bxc4 Bg4 5. Nf3 Bxf3 6.
Qxf3 e6 7. Qxb7 Nbd7 8. O-O Qb8 9. Qxb8+ Rxb8 10. Nc3 Bd6 11.
h3 O-O 12. Rb1 c5 13. Bd2 cxd4 14. exd4 Nb6 15. Bd3 e5 16. dxe5 Bxe5 17. Rfe1 Bxc3 18.
Bxc3 Nfd5 19. Be5 Rbe8 20. Bd6 Rxe1+ 21. Rxe1 Rd8 22. a3 h6 23. b4 g6 24. Bc5 Nf4 25. Ba6 Na4 26. Bxa7 Ra8 27. Re7 Nd5 28. Rb7 Re8 29. Rb8 Rxb8 30.
Bxb8 Nab6 31. b5 Kf8 32. Bb7 Ne7 33. Bc7 Nbd5 34. b6 Ke8 35. Bxd5 Nxd5 36. b7 Nxc7 37. b8=Q+ Kd7 38. a4 Na6 39.
Qb7+ Nc7 40. a5 f6 41. a6 Kd8 42. a7 h5 43. a8=Q+ Nxa8 44. Qxa8+ Kc7 45. Qd5 f5 46. Kf1 h4 47. Ke2 f4 48. Qe6 g5 49. Kd3 g4 50. Kc4 gxh3 51.
gxh3 f3 52. Kc5 Kb7 53. Qc6+ Ka7 54.
Qb5 Ka8 55. Kc6 Ka7 56. Qb7# 1-0

[Event "Chessity Nationale Pupillendag 2019 - Groep G"]
[Site "Meppel, Netherlands"]
[Date "2019.06.29"]
[Round "1.4"]
[White "Agoramoorthy, Mukilan"]
[Black "Geldof, Max"]
[Result "0-1"]
[TimeControl "15 min + 10 sec"]
[WhiteElo "310"]
[BlackElo "745"]

1. e4 e5 2. Bc4 Nf6 3. Qe2 Nc6 4.
Bb3 d6 5. Qc4 Be6 6. Qc3 Nxe4 7. Qd3 Nc5 8. Qc3 Bxb3 9.
axb3 d5 10. Qf3 Nd4 11. Qd1 Bd6 12. b4 Nce6 13. b5 Nxb5 14. Nh3 O-O 15. Qe2 Nbd4 16. Qd3 Nc5 17. Qf1 Nxc2+ 18. Kd1 Nxa1 19.
g3 Nab3 20. Qe2 Nxc1 21. Kxc1 Nb3+ 22. Kd1 Be7 23. f4 Qd7 24. Qh5 exf4 25. gxf4 Qa4 26. Ng5 Bxg5 27. fxg5 Nd4+ 28. Ke1 Rfe8+ 29. Kf2 Re2+ 30. Kg3 Qb3+ 31.
Nc3 Nf5+ 32. Kg4 Nd6 33. Nxe2 Qc4+ 34. Kf3 Qe4+ 35. Kf2 Qxh1 36. Nf4 Ne4+ 37. Ke2 d4 38. b4 Re8 39. Nd5 Ng3+ 40.
Kd3 Nxh5 41. Nxc7 Qe4+ 42. Kc4 Rc8 43. d3 Rxc7+ 44. Kb5 Qxd3+ 45. Ka5 Qa3+ 46. Kb5 Qa6# 0-1

[Event "Chessity Nationale Pupillendag 2019 - Groep G"]
[Site "Meppel, Netherlands"]
[Date "2019.06.29"]
[Round "1.5"]
[White "Rooijakkers, Liam"]
[Black "Van Westrhenen, Aleksej"]
[Result "1-0"]
[TimeControl "15 min + 10 sec"]
[WhiteElo "733"]
[BlackElo "284"]

1. e4 e5 2. Nc3 Bc5 3. f4 Bb6 4. Nf3 exf4 5. d4 c5 6. dxc5 Bxc5 7. Bxf4 Qh4+ 8. g3 Qe7 9. Bc4 Bb6 10. Qd2 Nf6 11. e5 Ne4 12. Nxe4 O-O 13. O-O-O Nc6 14. e6 fxe6 15. Bd6 Be3 16.
Qxe3 Qf7 17. Neg5 Qf5 18. Bxf8 Kxf8 19. Bd3 Qa5 20. Nxh7+ Kf7 21. Nfg5+ Ke7 22. Rhf1 Nb4 23. Rf7+ Kd8 24. a3 Na2+ 25. Kb1 Nb4 26.
Nxe6+ dxe6 27. Qd4+ Bd7 28. Qxd7# 1-0

[Event "Chessity Nationale Pupillendag 2019 - Groep G"]
[Site "Meppel, Netherlands"]
[Date "2019.06.29"]
[Round "2.2"]
[White "Terlouw, Wouter"]
[Black "Heber, Oskar"]
[Result "1-0"]
[TimeControl "15 min + 10 sec"]
[WhiteElo "898"]
[BlackElo "453"]

1. d4 d5 2. c4 Nf6 3. cxd5 Bd7 4. Nc3 e6 5. dxe6 Bxe6 6. Nf3 Bb4 7. Bg5 Bxc3+ 8. bxc3 O-O 9. e3 h6 10.
Bh4 Nc6 11. Bxf6 gxf6 12. Bd3 f5 13. O-O Qd6 14. Nh4 f4 15. Qh5 Ne7 16. Qxh6 Rfe8 17. Qh7+ Kf8 18. Qh8+ Ng8 19. Bh7 Ke7 20.
Bf5 Nf6 21. Qh6 Qd7 22. Bxe6 Qxe6 23. Qxf4 Nd5 24. Qg5+ Qf6 25. Qxd5 Qxh4 26. Qxb7 Kd7 27. Qd5+ Ke7 28. Qc6 Rec8 29.
Rab1 Kd8 30. Qd5+ Ke8 31. Rb7 Rd8 32. Qc6+ Rd7 33. Rxc7 Qe7 34. Qxa8+ Rd8 35. Rxe7+ Kxe7 36. Qe4+ Kd7 37.
c4 Re8 38. Qd5+ Ke7 39. Rb1 Rd8 40. Rb7+ Ke8 41. Qxf7# 1-0

[Event "Chessity Nationale Pupillendag 2019 - Groep G"]
[Site "Meppel, Netherlands"]
[Date "2019.06.29"]
[Round "2.3"]
[White "Kumar, Prayan Sai"]
[Black "Zecha, Oscar"]
[Result "0-1"]
[TimeControl "15 min + 10 sec"]
[WhiteElo "428"]
[BlackElo "802"]

1. e4 c5 2. Nf3 Nc6 3. Nc3 e5 4. Bc4 Be7 5. d3 Nf6 6. Be3 O-O 7. O-O h6 8. h3 d6 9. a3 Bd7 10.
Re1 Re8 11. Rc1 a6 12. a4 Rc8 13. Ra1 Qc7 14. Nd5 Nxd5 15. Bxd5 Ra8 16. Re2 b5 17. axb5 axb5 18. Rxa8 Rxa8 19. Qd2 Ra1+ 20. Re1 Rxe1+ 21. Qxe1 Qc8 22. Bxc6 Bxc6 23. Qa1 Bf6 24. Qa2 Qd7 25.
Bd2 d5 26. exd5 Bxd5 27. c4 bxc4 28. dxc4 Bxf3 29. gxf3 Qxd2 30. Qa8+ Kh7 31. Qe4+ Kg8 32. Qa8+ Qd8 33. Qa3 Qd4 34.
Qc3 Qxc3 35. bxc3 Kf8 36. Kf1 Ke7 37. Ke2 e4 38. fxe4 Bxc3 39. Ke3 Kd6 40. Kf4 Bd4 41. Kf5 Bxf2 42.
e5+ Ke7 43. Ke4 f6 44. exf6+ Kxf6 45. Kf4 g5+ 46. Kg4 Ke5 47. Kf3 Bh4 48. Ke3 h5 49. Kd3 g4 50. hxg4 hxg4 51. Ke2 Kd4 52.
Kf1 Kxc4 53. Kg2 Kd4 54. Kh2 c4 55. Kg2 c3 56. Kf1 c2 57. Ke2 g3 58. Kd2 g2 59. Kxc2 g1=Q 60. Kb3 Qc1 61. Ka2 Qc8 62. Kb3 Qc3+ 63.
Ka4 Qb2 64. Ka5 Kc5 65. Ka6 Qb6# 0-1

[Event "Chessity Nationale Pupillendag 2019 - Groep G"]
[Site "Meppel, Netherlands"]
[Date "2019.06.29"]
[Round "2.4"]
[White "Geldof, Max"]
[Black "Jilesen, Pim"]
[Result "0-1"]
[TimeControl "15 min + 10 sec"]
[WhiteElo "745"]
[BlackElo "434"]

1. e4 e5 2. Nf3 Nc6 3. Nc3 Nf6 4. Bc4 Nb8 5. Bf1 Nc6 6. Bc4 Bb4 7. d3 O-O 8. Bg5 h6 9. Bh4 d6 10. a3 Ba5 11. b4 Bb6 12. Nd5 Bg4 13. Nxf6+ gxf6 14. c3 Kh7 15. O-O Ne7 16. h3 Bh5 17. Ng5+ fxg5 18. Qxh5 gxh4 19. Qxh4 Ng6 20.
Qg3 Qh4 21. Qf3 Qf4 22. Qxf4 Nxf4 23. a4 a6 24. a5 Ba7 25. Bd5 c6 26. Bc4 Ne2+ 27. Kh1 b5 28. axb6 Bxb6 29. Rxa6 Rxa6 30.
Bxa6 Nxc3 31. Rc1 Bd4 32. Bb7 c5 33. bxc5 dxc5 34. Kg1 Rb8 35. Bd5 f6 36. Be6 Rb1 37. Rxb1 Nxb1 38. Bf5+ Kg7 39. Be6 Kf8 40. Kf1 Ke7 41. Bc4 Kd6 42. Ke2 Kc6 43. Kf3 Nd2+ 44. Kg4 Bxf2 45. Kf5 Kd6 46. Kxf6 h5 47. g4 hxg4 48. hxg4 Bh4 49. Kf5 Nf3 50.
Bb3 Nd4+ 51. Kg6 Nxb3 52. g5 Bxg5 53. Kxg5 Ke6 54. Kg6 Nd2 55. Kg5 c4 56. dxc4 Nxc4 57. Kg4 Ne3+ 58. Kf3 Nc4 59.
Ke2 Nd6 60. Kd3 Nxe4 61. Kxe4 Kd6 62. Kd3 Kd5 63. Ke3 e4 64. Kd2 Kd4 65. Ke2 e3 66. Kd1 Kd3 67. Ke1 e2 68. Kf2 Kd2 69. Kf3 e1=Q 70. Kf4 Qe3+ 71. Kg4 Ke2 72. Kf5 Qd4 73. Ke6 Ke3 74. Kf5 Qe4+ 75. Kf6 Kf3 76. Kg5 Qf4+ 77. Kg6 Kg4 78. Kg7 Qf5 79. Kh6 Qg5+ 80. Kh7 Kf5 81. Kh8 Kf6 82. Kh7 Qg7+ 0-1

[Event "Chessity Nationale Pupillendag 2019 - Groep G"]
[Site "Meppel, Netherlands"]
[Date "2019.06.29"]
[Round "2.5"]
[White "Kempenaar, Lutzen"]
[Black "Rooijakkers, Liam"]
[Result "0-1"]
[TimeControl "15 min + 10 sec"]
[WhiteElo "406"]
[BlackElo "733"]

1. d4 d5 2. Bf4 Nc6 3. e3 Nf6 4. Nc3 g6 5. Nf3 Bg7 6. Qd3 Bf5 7. e4 dxe4 8. Qe3 exf3 9. gxf3 O-O 10. O-O-O Qd7 11. Bb5 a6 12. Bxc6 bxc6 13. Rhe1 e6 14. Re2 Nd5 15.
Nxd5 Qxd5 16. Qb3 Qxb3 17. cxb3 Rad8 18. Red2 f6 19. Bxc7 Rc8 20. Bg3 c5 21. dxc5 Rxc5+ 22. Rc2 Rxc2+ 23. Kb1 Rc5+ 24. Ka1 Rfc8 25. a4 Rc1+ 26. Rxc1 Rxc1+ 27. Ka2 Bb1+ 28. Ka3 Bf8+ 29. b4 a5 30. Bf4 axb4+ 31. Kb3 Bc2+ 32. Ka2 b3# 0-1

[Event "Chessity Nationale Pupillendag 2019 - Groep G"]
[Site "Meppel, Netherlands"]
[Date "2019.06.29"]
[Round "3.1"]
[White "Huang, Luna"]
[Black "Ziedses des Plantes, Art G"]
[Result "1-0"]
[TimeControl "15 min + 10 sec"]
[WhiteElo "955"]
[BlackElo "597"]

1. e4 e5 2. Nf3 Nc6 3. d4 exd4 4.
Nxd4 Nxd4 5. Qxd4 Nf6 6. Nc3 g6 7. Bg5 Bg7 8. e5 Qe7 9. O-O-O Qd8 10. exf6 Bf8 11. Re1+ Be7 12. fxe7 Qxe7 13.
Rxe7+ Kf8 14. Qxh8# 1-0

[Event "Chessity Nationale Pupillendag 2019 - Groep G"]
[Site "Meppel, Netherlands"]
[Date "2019.06.29"]
[Round "3.2"]
[White "Barbier, Emma"]
[Black "Terlouw, Wouter"]
[Result "0-1"]
[TimeControl "15 min + 10 sec"]
[WhiteElo "633"]
[BlackElo "898"]

1. e4 c5 2. Nf3 Nc6 3. Bb5 a6 4. Bc4 b5 5. Bd5 e6 6. Bxc6 dxc6 7. O-O g6 8. Nc3 Bg7 9. d3 Nf6 10.
Bg5 O-O 11. Re1 Qc7 12. e5 Nd5 13. h3 b4 14. Nxd5 cxd5 15. c3 bxc3 16. bxc3 Qa5 17. Qd2 Bd7 18. Rab1 Rab8 19. Rxb8 Rxb8 20.
Nh4 Bb5 21. Bf6 Ba4 22. Qe3 Qxc3 23. Rc1 Qd4 24. Qd2 Bxf6 25. exf6 Qxf6 26. Nf3 Qb2 27. Qxb2 Rxb2 28. Rxc5 Rxa2 29.
Rc8+ Kg7 30. g4 Bb5 31. Ne1 Ra1 32. Kf1 Bxd3+ 33. Kg2 Rxe1 34. f4 a5 35. h4 a4 36. h5 a3 37. g5 gxh5 38.
Ra8 Re2+ 39. Kf3 a2 40. Kg3 Bc4 41. Kf3 Re1 42. Kf2 a1=Q 43. Rxa1 Rxa1 44. Kg3 Re1 45. Kf2 Re2+ 46. Kf3 d4 47.
Kg3 h4+ 48. Kxh4 d3 49. Kg3 d2 50. Kg4 d1=Q 51. Kg3 Re3+ 52. Kh4 Bf1 53. g6 Rh3+ 54. Kg5 h6# 0-1

[Event "Chessity Nationale Pupillendag 2019 - Groep G"]
[Site "Meppel, Netherlands"]
[Date "2019.06.29"]
[Round "3.3"]
[White "Zecha, Oscar"]
[Black "Yantur, Arda"]
[Result "1-0"]
[TimeControl "15 min + 10 sec"]
[WhiteElo "802"]
[BlackElo "589"]

1. d4 d5 2. c4 c6 3. Nc3 Nf6 4. Bg5 Bf5 5. Nf3 h6 6. Bh4 g5 7. Bg3 Ne4 8. Nxe4 dxe4 9. Nd2 Bg7 10. Nb3 Nd7 11.
e3 c5 12. Qd2 h5 13. h3 g4 14. h4 e5 15. dxe5 Bxe5 16. Bxe5 Nxe5 17. Qxd8+ Rxd8 18. Nxc5 b6 19. Nb3 Be6 20.
c5 bxc5 21. Nxc5 Bf5 22. Bb5+ Kf8 23. Rd1 Nd3+ 24. Nxd3 exd3 25. f3 gxf3 26. gxf3 Ke7 27. e4 Bd7 28. Bxd3 Bc6 29. Kf2 Rhg8 30.
Bc4 Rxd1 31. Rxd1 Bd7 32. Rg1 Rxg1 33. Kxg1 f5 34.
e5 a5 35. Kf2 Be6 36. Bxe6 Kxe6 37. f4 Kd5 38. Ke2 Ke6 39. Kd3 Kd5 40. a3 a4 41. e6 Kxe6 42. Kc4 Kd6 43. Kb4 Kd5 44. Kxa4 Ke4 45. b4 Kxf4 46. b5 Kg4 47. b6 f4 48. b7 f3 49. b8=Q f2 50.
Qb4 Kg3 51. Qf8 Kg2 52. Qg7+ Kf1 53. Kb4 Ke1 54. Qe5+ Kf1 55. a4 Kg2 56. Qg5+ Kh3 57. Qe3+ Kg2 58. Qe2 Kg1 59. Qxf2+ Kxf2 60. a5 Kg3 61. a6 Kxh4 62. a7 Kh3 63. a8=Q Kh2 64. Qh8 1-0

[Event "Chessity Nationale Pupillendag 2019 - Groep G"]
[Site "Meppel, Netherlands"]
[Date "2019.06.29"]
[Round "3.4"]
[White "Rooijakkers, Liam"]
[Black "Syaf, Choky"]
[Result "1-0"]
[TimeControl "15 min + 10 sec"]
[WhiteElo "733"]
[BlackElo "511"]

1. e4 c5 2. Nf3 d6 3. d4 Nc6 4.
d5 Nb4 5. Be3 Nf6 6. Nbd2 g6 7. c3 Nc6 8. dxc6 bxc6 9. Qc2 Bg7 10. O-O-O Ng4 11. h3 Nxf2 12. Bxf2 Qd7 13. Nc4 O-O 14.
e5 Ba6 15. exd6 exd6 16. Nxd6 Bxf1 17. Rhxf1 Bf6 18. Ne4 Qe7 19. Bxc5 Qe6 20. Bxf8 Rxf8 21. Nxf6+ Qxf6 22. Nd4 Qe7 23. Nxc6 Qc7 24. Nd4 Rd8 25.
Nb5 Qb6 26. Rxd8+ Qxd8 27. Qb3 a6 28. Qxf7+ Kh8 29. Qf8+ Qxf8 30. Rxf8+ Kg7 31. Ra8 Kf7 32. Rxa6 Kg7 33. Nc7 Kf7 34.
Re6 Kg7 35. a4 Kf7 36. a5 Kg7 37. a6 Kf7 38. a7 Kg7 39. h4 Kf7 40. Re7+ Kxe7 41.
a8=Q Kf7 42. Qe8+ Kg7 43. h5 Kh6 44. g4 Kg5 45. Qf8 Kxg4 46. Ne6 Kxh5 47. Qf6 Kh6 48. Qg5# 1-0

[Event "Chessity Nationale Pupillendag 2019 - Groep G"]
[Site "Meppel, Netherlands"]
[Date "2019.06.29"]
[Round "3.5"]
[White "Formanoy, David"]
[Black "Gang, Kevin"]
[Result "0-1"]
[TimeControl "15 min + 10 sec"]
[WhiteElo "495"]
[BlackElo "691"]

1. e4 e5 2. Nf3 Nc6 3. Bc4 Bc5 4.
O-O Nf6 5. Nc3 d6 6. d3 Bg4 7. Bg5 Nd4 8.
Nd5 Nxf3+ 9. gxf3 Bh3 10. Bxf6 gxf6 11. Re1 Rg8+ 12. Kh1 Bg2+ 13. Kg1 Bxf3+ 14. Kf1 Bxd1 15. Rexd1 c6 16. Ne3 Bxe3 17.
fxe3 f5 18. exf5 Qg5 19. d4 Qg2+ 20. Ke1 Qg1+ 21. Kd2 Rg2+ 22.
Kd3 Qf2 23. Rd2 Qxd2+ 24. Ke4 Rg4+ 25. Kf3 Qg2# 0-1

[Event "Chessity Nationale Pupillendag 2019 - Groep G"]
[Site "Meppel, Netherlands"]
[Date "2019.06.29"]
[Round "4.1"]
[White "Gang, Kevin"]
[Black "Huang, Luna"]
[Result "0-1"]
[TimeControl "15 min + 10 sec"]
[WhiteElo "691"]
[BlackElo "955"]

1. d4 d5 2. c4 e6 3.
cxd5 exd5 4. Nc3 Nf6 5.
Nf3 b6 6. b4 Bb7 7. Bf4 Bxb4 8.
Qc2 Ne4 9. Qa4+ Nc6 10. Kd1 Nxc3+ 11. Kc2 Nxa4 12. g4 Qf6 13. e3 Qg6+ 14. Bd3 Qxg4 15. Be2 Qd7 16. Ne5 Nxe5 17. Bxe5 f6 18.
Bf4 Qc6+ 19. Kd1 Nb2# 0-1

[Event "Chessity Nationale Pupillendag 2019 - Groep G"]
[Site "Meppel, Netherlands"]
[Date "2019.06.29"]
[Round "4.2"]
[White "Terlouw, Wouter"]
[Black "Zecha, Oscar"]
[Result "1-0"]
[TimeControl "15 min + 10 sec"]
[WhiteElo "898"]
[BlackElo "802"]

1. d4 Nf6 2. c4 e6 3.
Nc3 Bb4 4. Nf3 c5 5. a3 cxd4 6. Nxd4 Bxc3+ 7. bxc3 d5 8. cxd5 exd5 9. Bg5 h6 10. Bh4 O-O 11. e3 Nc6 12. Bb5 Nxd4 13. cxd4 a6 14. Ba4 Bd7 15. O-O Bxa4 16. Qxa4 Qd7 17. Qxd7 Nxd7 18. Rab1 b5 19. Be7 Rfe8 20. Bc5 Nxc5 21. dxc5 Rac8 22. Rbc1 Rc6 23. Rfd1 Rd8 24. e4 d4 25. h3 Rdc8 26. Rxd4 Rxc5 27. Rxc5 Rxc5 28. Rd6 Re5 29. Rxa6 Rxe4 30. Rb6 Ra4 31. Rxb5 Rxa3 32. f4 Ra4 33. g3 Ra3 34. Kf2 Kf8 35. Re5 f6 36. Re3 Rxe3 37.
Kxe3 Ke7 38. Ke4 Ke6 39. f5+ Ke7 40. Kd5 Kd7 41. g4 Ke7 42. Kc6 Kf7 43. Kd6 g6 44. Kd7 h5 45. gxh5 gxh5 46. h4 Kf8 47. Ke6 Kg7 48.
Ke7 Kg8 49. Kxf6 Kf8 50. Kg6 Ke7 51. Kg7 Kd6 52. f6 Ke5 53. Kg6 Ke6 54. f7 Ke5 55. f8=Q Ke6 56. Qf6+ Kd5 57. Qe7 Kd4 58. Qe6 Kd3 59. Qe5 Kc4 60. Kxh5 Kd3 61. Qf4 Kc3 62. Qe4 Kb3 63. Qd4 Ka3 64.
Qb6 Ka4 65. Kg4 Ka3 66. h5 Ka4 67.
h6 Ka3 68. h7 Ka4 69. h8=R Ka3 70.
Ra8# 1-0

[Event "Chessity Nationale Pupillendag 2019 - Groep G"]
[Site "Meppel, Netherlands"]
[Date "2019.06.29"]
[Round "4.4"]
[White "Kumar, Prayan Sai"]
[Black "Barbier, Emma"]
[Result "1-0"]
[TimeControl "15 min + 10 sec"]
[WhiteElo "428"]
[BlackElo "633"]

1. e4 e5 2. Nf3 Nc6 3. Nc3 Nf6 4. Bc4 Be7 5. d3 O-O 6. O-O d6 7. Be3 Bg4 8.
a3 h6 9.
h3 Bh5 10. Qd2 Qd7 11. Qe2 a6 12. Rfe1 b5 13. Ba2 Rab8 14. Red1 b4 15. axb4 Nxb4 16. Rd2 Nxa2 17. Rxa2 Qc6 18.
Ra1 d5 19. exd5 Nxd5 20. Nxd5 Qxd5 21. b3 Rb6 22. Bxb6 cxb6 23. Qxe5 Qxe5 24. Nxe5 Bf6 25.
d4 Rd8 26. c3 a5 27. Nf3 Bxf3 28. gxf3 Rd5 29. Re1 Rf5 30. Kg2 b5 31. Re8+ Kh7 32. c4 bxc4 33. bxc4 a4 34. Ra8 Rg5+ 35. Kh2 Rf5 36. Rxa4 Rxf3 37.
d5 Be5+ 38. Kg2 Rf6 39. c5 Rg6+ 40.
Kf3 f6 41. h4 Rg1 42. d6 Rh1 43. d7 Rh3+ 44. Ke2 Bc7 45. d8=Q Bxd8 46. Rxd8 g5 47. hxg5 fxg5 48. c6 Rc3 49.
Ra6 Rc4 50. Rd7+ Re4+ 51. Kd3+ Re8 52. c7+ Rc8 53. Rc6+ Kg8 54. Ra6 Re8 1-0

[Event "Chessity Nationale Pupillendag 2019 - Groep G"]
[Site "Meppel, Netherlands"]
[Date "2019.06.29"]
[Round "4.5"]
[White "Ziedses des Plantes, Art G"]
[Black "Jilesen, Pim"]
[Result "1-0"]
[TimeControl "15 min + 10 sec"]
[WhiteElo "597"]
[BlackElo "434"]

1. e4 e5 2. Nf3 Nc6 3. Nc3 Nf6 4. Bc4 Bb4 5. Ng5 O-O 6.
O-O Bxc3 7. bxc3 d5 8. exd5 Nxd5 9. Nf3 Bg4 10. h3 Bh5 11. Re1 Re8 12. d4 exd4 13. Rxe8+ Qxe8 14. Bxd5 dxc3 15. Bxc6 bxc6 16. Qd3 Bxf3 17. Qxf3 Qe1+ 18. Kh2 Rd8 19.
Qxc6 Rd1 20. Qa8+ Rd8 21. Qxd8+ Qe8 22. Qxe8# 1-0

[Event "Chessity Nationale Pupillendag 2019 - Groep G"]
[Site "Meppel, Netherlands"]
[Date "2019.06.29"]
[Round "5.1"]
[White "Huang, Luna"]
[Black "Terlouw, Wouter"]
[Result "0-1"]
[TimeControl "15 min + 10 sec"]
[WhiteElo "955"]
[BlackElo "898"]

1. e4 c5 2. Nf3 Nc6 3. d4 cxd4 4.
Nxd4 g6 5. Nxc6 bxc6 6. Be3 Bg7 7. c3 Nf6 8. Nd2 O-O 9. Qc2 d6 10. f3 e6 11. Be2 d5 12. h4 Nd7 13. g4 Qf6 14.
g5 Qe7 15. h5 f6 16. h6 Bh8 17. Rg1 fxg5 18. Bxg5 Bf6 19. Bxf6 Qxf6 20. O-O-O e5 21. Rdf1 Qh4 22. Rh1 Qf4 23.
Kb1 Nf6 24. exd5 Nxd5 25. Rfg1 Bf5 26. Ne4 Ne3 27. Qd3 Rad8 28. Qa6 Bxe4+ 29. fxe4 Qxe4+ 30.
Ka1 Nc2+ 31. Kb1 Na3+ 32. Ka1 Qb1+ 33. Rxb1 Nc2# 0-1

[Event "Chessity Nationale Pupillendag 2019 - Groep G"]
[Site "Meppel, Netherlands"]
[Date "2019.06.29"]
[Round "5.2"]
[White "Zecha, Oscar"]
[Black "Syaf, Choky"]
[Result "1-0"]
[TimeControl "15 min + 10 sec"]
[WhiteElo "802"]
[BlackElo "511"]

1. d4 d5 2. c4 dxc4 3. e3 Nc6 4. Bxc4 Nf6 5. Nf3 e6 6. Nc3 Bd6 7. Bd2 O-O 8. O-O Qd7 9. Re1 e5 10.
dxe5 Bxe5 11. Nxe5 Nxe5 12. Bb3 Qd8 13. Qc2 Qe7 14. Rad1 Be6 15. Bxe6 Qxe6 16. a3 Nc6 17. e4 Ng4 18. h3 Nd4 19. Qb1 Nf6 20. Bg5 h6 21. Bxf6 Qxf6 22. Nd5 Qe5 23.
f4 Qd6 24. Rxd4 c6 25. e5 Qc5 26. Red1 cxd5 27. Kh2 a5 28. Rxd5 Qb6 29. Rd7 Rad8 30. Rxd8 Rxd8 31. Rxd8+ Qxd8 32.
Qe4 b5 33. Qb7 b4 34. axb4 axb4 35. Qxb4 Qh4 36. Qd4 Kh7 37. b4 Kg8 38. b5 Qe7 39. Qd6 Qe8 40. b6 Qb5 41. Qc7 Qe8 42.
b7 Kh7 43. b8=Q Qxb8 44. Qxb8 f6 45. exf6 gxf6 46. f5 Kg7 47. Qc7+ Kg8 48. Qe7 Kh8 49. Qxf6+ Kh7 50. Qe7+ Kg8 51.
f6 Kh8 52. f7 Kh7 53. f8=Q+ Kg6 54. Qff6+ Kh5 55. g4# 1-0

[Event "Chessity Nationale Pupillendag 2019 - Groep G"]
[Site "Meppel, Netherlands"]
[Date "2019.06.29"]
[Round "5.4"]
[White "Rooijakkers, Liam"]
[Black "Kumar, Prayan Sai"]
[Result "1-0"]
[TimeControl "15 min + 10 sec"]
[WhiteElo "733"]
[BlackElo "428"]

1. e4 e5 2. Nc3 Nc6 3. f4 exf4 4. Nf3 Nf6 5. e5 Nh5 6. d4 d6 7. Bb5 d5 8. O-O a6 9. Ba4 Be7 10.
Nd2 f6 11. Qxh5+ g6 12. Qf3 fxe5 13. dxe5 b5 14. Bb3 Nxe5 15. Qxf4 Bd6 16. Bxd5 Nd3 17. Qf7# 1-0

[Event "Chessity Nationale Pupillendag 2019 - Groep G"]
[Site "Meppel, Netherlands"]
[Date "2019.06.29"]
[Round "5.5"]
[White "Shin, Hajin"]
[Black "Gang, Kevin"]
[Result "0-1"]
[TimeControl "15 min + 10 sec"]
[WhiteElo "526"]
[BlackElo "691"]

1. e4 e5 2. Nf3 Nc6 3. Bc4 Bc5 4. Nc3 Nf6 5. d3 d6 6.
Bg5 Bg4 7. h3 Be6 8. Bb3 h6 9. Bh4 O-O 10. O-O Qe7 11. Qd2 Rfe8 12. Rfe1 Rad8 13. Bxe6 fxe6 14. Nb5 a6 15. Nc3 d5 16.
d4 Bxd4 17. Nxd4 Nxd4 18. exd5 exd5 19. Rad1 Nf5 20. Bg3 Nxg3 21. fxg3 c6 22. Re2 Qd6 23. a3 b5 24. b4 Re6 25.
Rde1 Rde8 26. Kh2 e4 27. Qf4 Qxf4 28. gxf4 Nh5 29. f5 Re5 30. g4 Nf6 31. Kg3 h5 32. g5 Nh7 33. g6 Nf6 34.
Kf4 h4 35. Rf2 e3 36. Rfe2 d4 37. Nd1 Nd5+ 38. Kg5 Re4 39. Nf2 exf2 40. Rxe4 fxe1=Q 41. Rxe1 Rxe1 42. Kxh4 Rg1 43. Kh5 Ne3 44. c3 dxc3 45.
a4 c2 46. f6 gxf6 47. a5 c1=Q 48.
g7 Kf7 49. g8=Q+ Rxg8 50. h4 Rh8# 0-1

[Event "Chessity Nationale Pupillendag 2019 - Groep G"]
[Site "Meppel, Netherlands"]
[Date "2019.06.29"]
[Round "6.1"]
[White "Terlouw, Wouter"]
[Black "Rooijakkers, Liam"]
[Result "1-0"]
[TimeControl "15 min + 10 sec"]
[WhiteElo "898"]
[BlackElo "733"]

1. d4 d5 2. c4 Nf6 3. cxd5 Nxd5 4. e4 Nb6 5. Nc3 N8d7 6. Nf3 e6 7. Bc4 Nxc4 8. O-O Ncb6 9. Bf4 c5 10.
Nb5 e5 11. dxe5 a6 12. Nd6+ Bxd6 13. Qxd6 Nc4 14. Qd1 Qe7 15. Bg5 Qe6 16. Rc1 Ncxe5 17. Nxe5 Qxe5 18. f4 Qd4+ 19. Qxd4 cxd4 20.
Rfd1 f6 21. Bh4 O-O 22. Rxd4 b5 23. Rd6 Re8 24. Rdc6 Bb7 25. Rc7 Rec8 26. Rxc8+ Rxc8 27. Rd1 Rd8 28. e5 g5 29. fxg5 fxg5 30.
Bxg5 Rc8 31. Rxd7 Bc6 32. Ra7 Re8 33. Bf6 Rd8 34. Bxd8 Bd5 35. Rd7 Bxa2 36. Rd6 Kf8 37. e6 Ke8 38.
Bf6 a5 39. Rd8# 1-0

[Event "Chessity Nationale Pupillendag 2019 - Groep G"]
[Site "Meppel, Netherlands"]
[Date "2019.06.29"]
[Round "6.2"]
[White "Geldof, Max"]
[Black "Huang, Luna"]
[Result "0-1"]
[TimeControl "15 min + 10 sec"]
[WhiteElo "745"]
[BlackElo "955"]

1. e4 e5 2. Nf3 Nc6 3. Nc3 Nf6 4. Bc4 Bc5 5. d3 d6 6. h3 h6 7. Be3 Bb6 8. O-O Be6 9. Bb3 O-O 10.
d4 exd4 11. Bxd4 Nxd4 12. Nxd4 Bxd4 13. Qxd4 c5 14. Qe3 a6 15. Nd5 Nxd5 16. exd5 Bd7 17. c3 Re8 18. Qd3 Qf6 19. Bc2 g6 20.
Qd2 Kg7 21. Rfe1 Bf5 22. Bxf5 Qxf5 23. Qd1 Rad8 24. Qa4 Qd7 25. Qxd7 Rxe1+ 26. Rxe1 Rxd7 27. Re8 Kh7 28. Kf1 Kg7 29.
Ke2 Kf6 30. Kf3 h5 31. g4 Kg5 32. Ke3 hxg4 33. hxg4 Kxg4 34.
Re4+ Kg5 35. b4 f5 36. Re6 f4+ 37. Kf3 Kf5 38. Re8 g5 39. Re6 g4+ 40. Kg2 Kg5 41. bxc5 dxc5 42. Re5+ Kf6 43.
Re4 Kf5 44. Re1 Rxd5 45. Rb1 Rd7 46. Rh1 Kg6 47. Rh4 Kg5 48. Rh1 b5 49. Rg1 Rd3 50. Rc1 Rd2 51. Ra1 Rc2 52. a4 Rxc3 53.
axb5 axb5 54. Ra5 b4 55. Rb5 b3 56. Kf1 g3 57. Kg2 gxf2 58. Kxf2 Kg4 59. Rb6 Rc2+ 60. Ke1 b2 61. Rg6+ Kf5 62. Rb6 f3 63. Kf1 Rc1+ 64.
Kf2 b1=Q 65. Rf6+ Kxf6 66. Kxf3 Qd3+ 67. Kf2 Rc2+ 68. Ke1 Qe2# 0-1

[Event "Chessity Nationale Pupillendag 2019 - Groep G"]
[Site "Meppel, Netherlands"]
[Date "2019.06.29"]
[Round "6.3"]
[White "Gang, Kevin"]
[Black "Zecha, Oscar"]
[Result "0-1"]
[TimeControl "15 min + 10 sec"]
[WhiteElo "691"]
[BlackElo "802"]

1. d4 Nf6 2. c4 e6 3. Nc3 Bb4 4.
e3 c5 5.
a3 cxd4 6. exd4 Bxc3+ 7. bxc3 d5 8. cxd5 exd5 9. Nf3 Nc6 10. Bg5 Bg4 11. h3 Bh5 12. Bb5 O-O 13. O-O h6 14. Bh4 a6 15. Bd3 Re8 16. Qd2 Qc7 17. Rfe1 b5 18. Rad1 Bxf3 19. gxf3 Nd7 20. Re2 Nb6 21. Bg3 Qd7 22. Kh2 Rxe2 23.
Bxe2 Re8 24. Re1 Re6 25. f4 Qe7 26. f5 Nc4 27. Qa2 Re4 28. f3 Re3 29. Bf4 Rxc3 30. Qa1 Qxa3 31. Qxa3 Rxa3 32.
Bxc4 bxc4 33. Re8+ Kh7 34. Rc8 Rxf3 35. Be5 Nxe5 36. dxe5 Rxf5 37. Rc7 a5 38. Rc5 Rxe5 39. Rxa5 c3 40.
Rc5 Re2+ 41. Kg3 c2 42. Kf3 Rh2 43. Kg3 Rd2 44. Kf3 d4 45. Ke4 d3 46. Ke3 Rd1 47. h4 c1=Q+ 48. Rxc1 Rxc1 49. h5 d2 50.
Kxd2 Rh1 51. Ke3 Rxh5 52. Kf4 Rd5 53. Kg4 f5+ 54. Kf4 g5+ 55. Kf3 g4+ 56.
Kg3 Rd4 57. Kf2 f4 58. Kg2 Rd3 59. Kf1 Rd2 60. Kf2 g3+ 61. Kf1 f3 62. Ke1 Ra2 63. Kd1 f2 64. Kc1 f1=R# 0-1